Match 42329344
Unlisted

Match 42329344
End
Construct Infanterie Kompanie
Kettenkrad Recon Vehicle
Grenadier Squad
Grenadier Squad
Grenadier Squad
GrW 34 Mortar Team
MG 42 Machine Gun Team
Construct Luftwaffe Kompanie
Construct Luftwaffe Kompanie
Flak 30 Anti-aircraft Gun Team
Support Elements
Selects Luftwaffe Battlegroup
Selects Luftwaffe Pioneer Support
Selects LG40 Recoilless Gun Paradrop
LG40 Recoilless Gun Paradrop
Selects Stuka Strafing Run
Stuka Strafing Run
Grand.G
maneats2live
0
0

Comments sign in to comment!

No comments posted yet!